[Event "22nd Hoogeveen Open 2018"]
[Site "Hoogeveen"]
[Date "2018.10.22"]
[Round "4"]
[White "De Vries, Emma"]
[Black "Kutchoukov, Daniel"]
[Result "0-1"]
[ECO "B12"]
[WhiteElo "1905"]
[BlackElo "1882"]
[Annotator "NA"]
[PlyCount "58"]
[EventDate "2018.10.20"]
[EventType "swiss"]
[EventCountry "NED"]
[SourceTitle "playchess.com"]
[Source "ChessBase"]
[SourceQuality "1"]
[TimeControl "40/5400+30:1800+30"]

1. e4 c6 2. d4 d5 3. e5 Bf5 4. Nf3 e6 5. Be2 c5 6. c4 dxc4 7. Bxc4 Nc6 8. d5 exd5 9. Bxd5 Nge7 10. Bxc6+ Nxc6 11. Qd4 Qd6 12. Qxd6 Rb8 13. Qd8+ Rxd8 14. O-O Be7 15. Re1 Nb4 16. Na3 Nd3 17. Rd1 O-O 18. Nc4 Nxe5 19. Rxd8 Rxd8 20. Ne3 Nxf3+ 21. gxf3 Bh3 22. b3 Bf6 23. Rb1 b6 24. b4 c4 25. a4 c3 26. Ba3 Rd2 27. b5 Bh4 28. Ng4 c2 29. Re1 Rd1 0-1

[Event "22nd Hoogeveen Open 2018"]
[Site "Hoogeveen"]
[Date "2018.10.22"]
[Round "4"]
[White "Oord, Raymon"]
[Black "Mellema, Andries"]
[Result "1/2-1/2"]
[ECO "A01"]
[WhiteElo "1900"]
[BlackElo "2140"]
[Annotator "NA"]
[PlyCount "95"]
[EventDate "2018.10.20"]
[EventType "swiss"]
[EventCountry "NED"]
[SourceTitle "playchess.com"]
[Source "ChessBase"]
[SourceQuality "1"]
[TimeControl "40/5400+30:1800+30"]

1. b3 e5 2. Bb2 Nc6 3. e3 Nf6 4. d4 exd4 5. exd4 d5 6. Nf3 Bg4 7. Be2 Bb4+ 8. c3 Bd6 9. Nbd2 O-O 10. O-O Re8 11. h3 Bh5 12. Re1 Ne4 13. Nxe4 dxe4 14. Nd2 Bg6 15. Nc4 Bf4 16. Bc1 Bxc1 17. Rxc1 Qh4 18. Bf1 f5 19. b4 a6 20. a4 b5 21. axb5 axb5 22. Ne3 Rab8 23. Nd5 Qd8 24. Ne3 f4 25. Ng4 h5 26. Nh2 Qd6 27. Ra1 Ne7 28. c4 bxc4 29. Bxc4+ Kh8 30. Ra6 Rb6 31. Rxb6 cxb6 32. Rxe4 Rd8 33. Re6 Qxd4 34. Qxd4 Rxd4 35. Bf1 Rd7 36. Rxb6 Be4 37. Rb8+ Kh7 38. Rf8 Ng6 39. Re8 Rd4 40. b5 Rb4 41. Nf3 Bxf3 42. gxf3 Rb1 43. Re4 Kh6 44. Rd4 Kg5 45. Rd5+ Kh6 46. Rd6 Kg5 47. Rd5+ Kh6 48. Rd6 1/2-1/2

[Event "22nd Hoogeveen Open 2018"]
[Site "Hoogeveen"]
[Date "2018.10.23"]
[Round "5"]
[White "Karthikeyan, P.."]
[Black "De Boer, Eelke"]
[Result "1-0"]
[ECO "E92"]
[WhiteElo "2443"]
[BlackElo "2285"]
[Annotator "ChessBase"]
[PlyCount "68"]
[EventDate "2018.10.20"]
[EventType "swiss"]
[EventCountry "NED"]
[SourceTitle "playchess.com"]
[Source "ChessBase"]
[SourceQuality "1"]
[TimeControl "40/5400+30:1800+30"]

1. d4 Nf6 2. c4 g6 3. Nc3 Bg7 4. e4 d6 5. Nf3 O-O 6. Be2 e5 7. Be3 Ng4 8. Bg5 f6 9. Bh4 g5 10. Bg3 Nh6 11. h3 Nc6 12. dxe5 dxe5 13. Qd5+ Nf7 14. O-O Qe7 15. Qd2 Ncd8 16. Nd5 Qd7 17. Rfd1 Ne6 18. Nxf6+ Bxf6 19. Qxd7 Bxd7 20. Rxd7 Nd6 21. Bxe5 Nxe4 22. Bxf6 Rxf6 23. Re1 h6 24. b4 Nc3 25. c5 Nxe2+ 26. Rxe2 Kf8 27. Ne5 Re8 28. Ng4 Rg6 29. Rh7 Re7 30. Rh8+ Kg7 31. Ra8 a6 32. c6 bxc6 33. Rxa6 h5 34. Ne3 Rf6 1-0

[Event "22nd Hoogeveen Open 2018"]
[Site "Hoogeveen"]
[Date "2018.10.23"]
[Round "5"]
[White "Shyaamnikhil P"]
[Black "Sparenberg, Erik"]
[Result "1-0"]
[ECO "A49"]
[WhiteElo "2429"]
[BlackElo "2224"]
[Annotator "NA"]
[PlyCount "107"]
[EventDate "2018.10.20"]
[EventType "swiss"]
[EventCountry "NED"]
[SourceTitle "playchess.com"]
[Source "ChessBase"]
[SourceQuality "1"]
[TimeControl "40/5400+30:1800+30"]

1. Nf3 Nf6 2. g3 g6 3. Bg2 Bg7 4. O-O O-O 5. d4 d6 6. a4 c5 {[%emt 0:02:14] LiveBook: 37 Games} 7. c3 Nbd7 8. a5 {[%emt 0:05:04] A49: 1 d4 Nf6 2 Nf3 g6 3 g3: Anti-King's Indian systems} Rb8 9. c4 $146 ({Predecessor:} 9. Nbd2 b5 10. Re1 b4 11. e4 bxc3 12. bxc3 Ba6 13. Qa4 Qc7 14. Qa2 e6 15. h3 Rfc8 {0-1 (50) Rahul,K (2178)-Sagit,R (2427) Stockholm 2017}) 9... b6 10. axb6 Qxb6 11. d5 Rb7 12. Nc3 h6 13. h3 Kh7 14. Ra3 Ng8 15. Nd2 f5 16. e3 Ndf6 17. Nb3 Bd7 18. Qc2 Rbb8 19. Rd1 h5 20. Ne2 Nh6 21. Bd2 Ne4 22. Ba5 Qb7 23. f3 Nf6 24. Bc3 Nf7 25. Rda1 e5 26. dxe6 Bxe6 27. Nd2 Ra8 {[%emt 0:01:40] [#]} 28. f4 $1 d5 29. Ra6 Qe7 30. Bxf6 Bxf6 31. cxd5 Bc8 32. R6a3 Nd6 33. e4 fxe4 34. Nxe4 Bf5 35. Nxf6+ Rxf6 36. Qc3 Rf7 37. Qxc5 Qxe2 38. Qxd6 Be4 39. Bxe4 Qxe4 40. Qe5 Qb4 41. Ra4 Qb6+ 42. Qd4 Qb3 43. R4a3 Qc2 44. Rxa7 Raxa7 45. Rxa7 Qc1+ 46. Kg2 Qc2+ 47. Kf3 Qb3+ 48. Ke4 Qc2+ 49. Ke5 Qf5+ 50. Kd6 Rxa7 51. Qxa7+ Kg8 52. Qb8+ Kg7 53. Qc7+ Kf6 54. Qe7# 1-0

[Event "22nd Hoogeveen Open 2018"]
[Site "Hoogeveen"]
[Date "2018.10.23"]
[Round "5"]
[White "Warmerdam, Max"]
[Black "Wedda, Dries"]
[Result "1-0"]
[ECO "B51"]
[WhiteElo "2417"]
[BlackElo "2216"]
[Annotator "ChessBase"]
[PlyCount "81"]
[EventDate "2018.10.20"]
[EventType "swiss"]
[EventCountry "NED"]
[SourceTitle "playchess.com"]
[Source "ChessBase"]
[SourceQuality "1"]
[TimeControl "40/5400+30:1800+30"]

1. e4 c5 2. Nf3 d6 3. Bb5+ Nd7 4. d4 cxd4 5. Qxd4 a6 6. Bxd7+ Bxd7 7. Nc3 e5 8. Qd3 h6 9. Nd2 Rc8 10. Nc4 Be6 11. Ne3 Nf6 12. O-O Be7 13. a4 O-O 14. Rd1 Qc7 15. a5 Rfd8 16. Qe2 Qc6 17. Qf3 b5 18. axb6 Qxb6 19. Bd2 Qb7 20. Be1 g6 21. b3 Kg7 22. Ra2 Rc5 23. Ncd5 Bxd5 24. exd5 Rd7 25. c4 Nh7 26. Rda1 f5 27. Rxa6 Ng5 28. Qd1 f4 29. Nf1 Rc8 30. Nd2 Bd8 31. R1a3 Bb6 32. h4 Nh7 33. Ne4 Nf6 34. Nxf6 Kxf6 35. Qg4 Bc5 36. b4 Bd4 37. Qe6+ Kg7 38. c5 Bxc5 39. bxc5 Rxc5 40. Rb6 Qc7 41. Ra8 1-0

[Event "22nd Hoogeveen Open 2018"]
[Site "Hoogeveen"]
[Date "2018.10.23"]
[Round "5"]
[White "Zwirs, Nico"]
[Black "Giacomini, Hector"]
[Result "1-0"]
[ECO "D42"]
[WhiteElo "2410"]
[BlackElo "2178"]
[Annotator "NA"]
[PlyCount "99"]
[EventDate "2018.10.20"]
[EventType "swiss"]
[EventCountry "NED"]
[SourceTitle "playchess.com"]
[Source "ChessBase"]
[SourceQuality "1"]
[TimeControl "40/5400+30:1800+30"]

1. e4 c6 2. d4 d5 3. exd5 cxd5 4. c4 Nf6 5. Nc3 e6 6. Nf3 Be7 {[%emt 0:00:00] LiveBook: 1735 Games} 7. cxd5 Nxd5 8. Bd3 Nc6 9. O-O O-O 10. Re1 Bf6 11. Be4 Nce7 12. Qd3 h6 13. Ne5 Bd7 14. Qg3 Bc6 15. Nxc6 bxc6 16. Bxh6 Qb6 17. Bg5 Bxg5 18. Qxg5 Qxb2 19. Ne2 Nf6 20. Bf3 Rab8 21. Qc5 Rb7 22. h4 Rfb8 23. a4 Nfd5 24. g3 Qb4 25. Qc1 Nf5 26. Qxc6 Rc7 ({Much weaker is} 26... Nxd4 $6 27. Nxd4 Qxd4 28. Rad1 $16) 27. Qa6 Nxd4 $11 28. Nxd4 Qxd4 29. Red1 Qc5 30. Bxd5 exd5 31. Qd3 Rb2 32. Qf5 g6 33. Qf4 Rc6 34. Rac1 Qd6 35. Rxc6 Qxc6 36. h5 gxh5 37. Qg5+ Qg6 38. Rxd5 Rb6 39. Qh4 Qb1+ 40. Kh2 Rg6 41. Qd8+ Kg7 42. Rxh5 Rh6 43. Qg5+ Qg6 44. Qxh6+ Qxh6 45. Rxh6 Kxh6 46. a5 a6 47. g4 f5 48. Kg3 fxg4 49. Kxg4 Kg6 50. Kf4 1-0

[Event "22nd Hoogeveen Open 2018"]
[Site "Hoogeveen"]
[Date "2018.10.23"]
[Round "5"]
[White "Miedema, David"]
[Black "Ingebretsen, Jens E"]
[Result "1-0"]
[ECO "E17"]
[WhiteElo "2379"]
[BlackElo "2160"]
[Annotator "NA"]
[PlyCount "89"]
[EventDate "2018.10.20"]
[EventType "swiss"]
[EventCountry "NED"]
[SourceTitle "playchess.com"]
[Source "ChessBase"]
[SourceQuality "1"]
[TimeControl "40/5400+30:1800+30"]

1. d4 Nf6 2. c4 e6 3. Nf3 b6 4. g3 Bb7 5. Bg2 Be7 6. O-O O-O 7. d5 exd5 8. Nh4 c6 9. cxd5 Nxd5 10. Nf5 Nc7 11. e4 d5 12. Nc3 Bf6 13. Bf4 Bc8 14. Nd6 g5 15. Nxc8 gxf4 16. Bh3 d4 17. Qh5 Ne6 18. Bf5 Re8 19. e5 Bxe5 20. Bxh7+ Kg7 21. Qxe5+ Kxh7 22. Nd6 Rf8 23. Nce4 Nd7 24. Qh5+ Kg8 25. Qg4+ Kh7 26. Nxf7 Rxf7 27. Qxe6 Rf8 28. Qh3+ Kg6 29. Qg4+ Kh6 30. Qh3+ Kg6 31. Qg4+ Kh6 32. Qe6+ Kg7 33. Rae1 Nf6 34. Qxc6 Qc8 35. Qb5 Qg4 36. Qg5+ $18 (36. Nxf6 Rxf6 37. Re7+ Kf8 38. Rh7) 36... Kh8 37. Qe5 Kg7 38. Qe7+ Kg6 39. Nxf6 Rxf6 40. Qe4+ Qf5 41. Qxa8 f3 42. Qe8+ Kh6 43. Re5 Qg4 44. Qh8+ Kg6 45. Qg8+ 1-0

[Event "22nd Hoogeveen Open 2018"]
[Site "Hoogeveen"]
[Date "2018.10.23"]
[Round "5"]
[White "Baskin, Robert"]
[Black "Minko, Dmitry"]
[Result "1-0"]
[ECO "E07"]
[WhiteElo "2348"]
[BlackElo "2011"]
[Annotator "NA"]
[PlyCount "93"]
[EventDate "2018.10.20"]
[EventType "swiss"]
[EventCountry "NED"]
[SourceTitle "playchess.com"]
[Source "ChessBase"]
[SourceQuality "1"]
[TimeControl "40/5400+30:1800+30"]

1. d4 d5 2. c4 e6 3. Nc3 Be7 4. Nf3 Nf6 5. g3 O-O 6. Bg2 c6 7. O-O {[%emt 0:01:54] LiveBook: 626 Games} Nbd7 8. b3 Re8 9. Bb2 Bf8 {[%emt 0:08:41] E07: Closed Catalan: Main Line (5 Nf3 0-0 6 0-0 Nbd7)} 10. Qc2 g6 (10... b6 11. e4 Ba6 12. e5 Ng4 13. Rfd1 f6 14. h3 Nh6 15. exf6 gxf6 16. Ne2 {½-½ (36) Sarno,S (2327)-Yeuillaz,C (2223) Arvier 2013}) 11. e4 Nxe4 12. Nxe4 dxe4 13. Qxe4 Bg7 14. Rfd1 Qc7 $146 ({Predecessor:} 14... Nf6 15. Qc2 Qc7 16. Ne5 Nd7 {1-0 (34) Marques,V (2215)-Marcondes Cesar,J Sao Paulo 1997}) 15. Ne5 f6 16. Nd3 e5 17. dxe5 Nxe5 18. Nxe5 Bf5 19. Qe3 fxe5 20. Be4 Bg4 21. Rd3 a6 $16 22. Qg5 Be6 23. Rad1 Qf7 24. Qe3 Bg4 25. f3 Bf5 26. Bxf5 gxf5 27. Rd7 Re7 28. Rd8+ Rxd8 29. Rd4 Rdd7 30. Rxd7 Re8 31. Rd8 Rxd8 32. Qg5 Qf8 33. Qxd8 Qe8 34. Qc7 Qd8 35. Qxb7 Bh6 36. Qa7 Qd6 37. Kg2 Qd2+ 38. Qf2 Qd6 39. Qe1 e4 40. fxe4 fxe4 41. Qc3 e3 42. Qh8+ Kf7 43. Qxh7+ Ke8 44. Qe4+ Kf7 45. Bd4 e2 46. Kf2 c5 47. Bc3 1-0

[Event "22nd Hoogeveen Open 2018"]
[Site "Hoogeveen"]
[Date "2018.10.23"]
[Round "5"]
[White "De Jong, Migchiel"]
[Black "Schippers, Maurice"]
[Result "1/2-1/2"]
[ECO "E97"]
[WhiteElo "2309"]
[BlackElo "2272"]
[Annotator "NA"]
[PlyCount "120"]
[EventDate "2018.10.20"]
[EventType "swiss"]
[EventCountry "NED"]
[SourceTitle "playchess.com"]
[Source "ChessBase"]
[SourceQuality "1"]
[TimeControl "40/5400+30:1800+30"]

1. Nf3 Nf6 2. c4 g6 3. Nc3 Bg7 4. e4 d6 5. d4 O-O 6. Be2 e5 7. O-O Nc6 8. d5 Ne7 9. Bd2 Nh5 10. Rc1 {[%emt 0:00:43] LiveBook: 15 Games E97: King's Indian: Classical Main Line (6...e5 7 0-0 Nc6): 8 Be3 and 8 d5 Ne7, not 9 Ne1} b6 $146 ({Predecessor:} 10... f5 11. Ng5 Nf4 12. Bxf4 exf4 13. Bf3 Bf6 14. Ne6 Bxe6 15. dxe6 c6 16. Re1 Be5 17. exf5 Nxf5 {½-½ (42) Kiriakov,P (2541)-Shomoev,A (2554) Kemerovo 2007}) 11. g3 f5 12. Ng5 Nf6 13. Bf3 fxe4 14. Ncxe4 Nf5 15. b4 Nd4 16. Bg2 Nxe4 17. Nxe4 a5 18. bxa5 bxa5 19. c5 Bf5 20. Be3 Qd7 21. Bxd4 Bxe4 22. Bxe4 exd4 23. cxd6 cxd6 24. Rc6 Rae8 25. Qd3 Qg4 26. Re1 Be5 27. Kg2 Qg5 28. Re2 Rb8 29. h4 Qd8 30. h5 gxh5 31. Bxh7+ Kh8 32. Bf5 Qg5 33. Be6 Rb7 $16 34. Rec2 h4 35. Rc8 Rb8 36. R8c7 Bg7 37. f4 Rxf4 38. Rc8+ Rf8 39. Rxb8 Rxb8 40. Kh3 Qxg3+ 41. Qxg3 hxg3 42. Kxg3 Be5+ 43. Kf3 Kg7 44. Rc7+ Kg6 45. Ra7 d3 46. Ke3 Bd4+ 47. Kxd4 d2 48. Bg4 Rb4+ 49. Kc3 Rxg4 50. Kxd2 Rd4+ 51. Kc3 Rxd5 52. Kc4 Rc5+ 53. Kd4 Kf6 54. a4 Ke6 55. Rh7 Rd5+ 56. Kc4 Rc5+ 57. Kd4 Rg5 58. Kc4 Rc5+ 59. Kd4 Rg5 60. Kc4 Rc5+ 1/2-1/2

[Event "22nd Hoogeveen Open 2018"]
[Site "Hoogeveen"]
[Date "2018.10.23"]
[Round "5"]
[White "Warakomska, Anna"]
[Black "Boersma, Jan"]
[Result "1/2-1/2"]
[ECO "B74"]
[WhiteElo "2293"]
[BlackElo "2047"]
[Annotator "NA"]
[PlyCount "40"]
[EventDate "2018.10.20"]
[EventType "swiss"]
[EventCountry "NED"]
[SourceTitle "playchess.com"]
[Source "ChessBase"]
[SourceQuality "1"]
[TimeControl "40/5400+30:1800+30"]

1. e4 c5 2. Nf3 g6 3. d4 cxd4 4. Nxd4 Nc6 5. Nb3 Nf6 6. Nc3 Bg7 7. Be2 O-O 8. O-O d6 {[%emt 0:00:59] LiveBook: 1688 Games} 9. Be3 Be6 10. f3 Nd7 11. Rb1 Nb6 12. Nd4 $11 Bc4 13. b3 Bxe2 14. Ncxe2 d5 15. exd5 Nxd5 16. Bf2 Qa5 17. c4 Ndb4 18. a3 Qxa3 19. Ra1 Qb2 20. Rb1 Qa3 1/2-1/2

[Event "22nd Hoogeveen Open 2018"]
[Site "Hoogeveen"]
[Date "2018.10.23"]
[Round "5"]
[White "Elgersma, Simon"]
[Black "Dev, Shah"]
[Result "1-0"]
[ECO "C77"]
[WhiteElo "2237"]
[BlackElo "2146"]
[Annotator "NA"]
[PlyCount "64"]
[EventDate "2018.10.20"]
[EventType "swiss"]
[EventCountry "NED"]
[SourceTitle "playchess.com"]
[Source "ChessBase"]
[SourceQuality "1"]
[TimeControl "40/5400+30:1800+30"]

1. e4 e5 2. Nf3 Nc6 3. Bb5 a6 4. Ba4 Nf6 5. d3 b5 6. Bb3 Be7 7. Nc3 d6 8. a3 O-O 9. O-O Be6 10. Nd5 Na5 11. Nxf6+ Bxf6 12. Bxe6 fxe6 13. b4 Nc6 14. c3 $14 {[%emt 0:04:13] LiveBook: 16 Games} d5 15. Qc2 Qd7 16. a4 Rad8 17. Be3 Rfe8 18. Rfc1 d4 19. cxd4 Nxb4 20. Qb3 a5 21. dxe5 bxa4 22. Qc4 Nxd3 23. exf6 Nxc1 24. f7+ Qxf7 25. Rxc1 Qd7 26. h3 a3 27. Bd4 Qe7 28. Bc5 Qd7 29. Ne5 Qd2 30. Bxa3 Qd4 31. Qxc7 Qxe4 32. Bb2 Rb8 1-0

[Event "22nd Hoogeveen Open 2018"]
[Site "Hoogeveen"]
[Date "2018.10.23"]
[Round "5"]
[White "Elgersma, Onno"]
[Black "Blagojevic, Tijana"]
[Result "0-1"]
[ECO "B90"]
[WhiteElo "2223"]
[BlackElo "2232"]
[Annotator "NA"]
[PlyCount "82"]
[EventDate "2018.10.20"]
[EventType "swiss"]
[EventCountry "NED"]
[SourceTitle "playchess.com"]
[Source "ChessBase"]
[SourceQuality "1"]
[TimeControl "40/5400+30:1800+30"]

1. e4 c5 2. Nf3 d6 3. d4 cxd4 4. Nxd4 Nf6 5. Nc3 a6 6. h3 e5 7. Nde2 h5 8. Bg5 Be6 9. Bxf6 Qxf6 10. Nd5 Qd8 11. Nec3 g6 12. Bc4 {[%emt 0:02:12] LiveBook: 32 Games} Bh6 13. O-O O-O 14. a4 Nc6 15. Ba2 Rc8 16. Kh1 Qh4 17. Qd3 $15 Qd8 18. b4 Nd4 19. a5 Bxd5 20. Bxd5 Qc7 21. Ra3 Kh8 22. Rb1 Qe7 23. b5 axb5 24. Nxb5 Rxc2 25. Nxd4 Rd2 26. Qf3 exd4 27. Rxb7 Qe5 28. Rxf7 Rxf7 29. Bxf7 Rc2 30. g3 Rc3 31. Rxc3 dxc3 32. Qd3 Qc5 33. Bb3 Qxf2 34. Qxc3+ Bg7 35. Qd3 Bd4 36. Qd1 h4 37. gxh4 Be5 38. Qg1 Qf3+ 39. Qg2 Qxb3 40. Qxg6 Qxh3+ 41. Kg1 Bd4# 0-1

[Event "22nd Hoogeveen Open 2018"]
[Site "Hoogeveen"]
[Date "2018.10.23"]
[Round "5"]
[White "Zarkovic, Mila"]
[Black "Van der Hagen, Loek"]
[Result "1-0"]
[ECO "B56"]
[WhiteElo "2213"]
[BlackElo "1820"]
[Annotator "NA"]
[PlyCount "94"]
[EventDate "2018.10.20"]
[EventType "swiss"]
[EventCountry "NED"]
[SourceTitle "playchess.com"]
[Source "ChessBase"]
[SourceQuality "1"]
[TimeControl "40/5400+30:1800+30"]

1. e4 c5 2. Nf3 d6 3. d4 cxd4 4. Nxd4 Nf6 5. Nc3 Nc6 6. Be3 Ng4 {[%emt 0:00:30] LiveBook: 419 Games} 7. Bg5 Qb6 8. Bb5 e5 9. Nd5 {[%emt 0:03:23] B56: Classical Sicilian: Unusual Lines} Qxd4 10. Qxd4 exd4 11. Nc7+ Kd7 12. Nxa8 b6 13. h3 (13. a4 Bb7 14. a5 h6 15. axb6 a6 16. Bxa6 Bxa6 17. Rxa6 hxg5 {1-0 (30) Schaefer,M (2455)-Degerman,L (2460) Budapest 1993}) 13... Nge5 $146 ({Predecessor:} 13... f6 14. Bh4 Nge5 15. Nxb6+ axb6 16. f4 Ng6 {0-1 (55) Nadzamova,V (1947)-Danada,T (2248) Kosice 2017}) 14. O-O-O Bb7 15. Nxb6+ axb6 16. Rxd4 Be7 17. Bxe7 Kxe7 18. Bxc6 Nxc6 19. Rd2 Ne5 20. b3 h5 21. Rhd1 Rd8 22. f3 g5 23. Rd4 Bc6 $14 24. a4 Ke6 25. Kb2 f6 26. Rb4 Nd7 27. Ka3 h4 28. Rc4 Ne5 29. Rcd4 Rd7 30. c4 Nf7 31. b4 Ra7 32. a5 Ke5 33. Kb3 bxa5 34. b5 Bb7 35. Ka4 Kf4 36. Rxd6 Nxd6 37. Rxd6 Ke5 38. c5 Ra8 39. Rd7 Bc8 40. Rd8 Ke6 41. c6 Bb7 42. Rxa8 Bxa8 43. Kxa5 Ke7 44. Ka6 Kd8 45. Kb6 Kc8 46. Kc5 Kb8 47. b6 Kc8 1-0

[Event "22nd Hoogeveen Open 2018"]
[Site "Hoogeveen"]
[Date "2018.10.23"]
[Round "5"]
[White "Damen, Jip"]
[Black "Hamblok, Roel"]
[Result "0-1"]
[ECO "C12"]
[WhiteElo "2192"]
[BlackElo "2275"]
[Annotator "NA"]
[PlyCount "52"]
[EventDate "2018.10.20"]
[EventType "swiss"]
[EventCountry "NED"]
[SourceTitle "playchess.com"]
[Source "ChessBase"]
[SourceQuality "1"]
[TimeControl "40/5400+30:1800+30"]

1. e4 e6 2. d4 d5 3. Nc3 Nf6 4. Bg5 Bb4 5. e5 h6 6. Bh4 g5 7. Bg3 Ne4 8. Nge2 f5 9. exf6 Qxf6 10. a3 {[%emt 0:00:52] LiveBook: 4 Games} Nxg3 11. hxg3 Be7 12. Ng1 $17 (12. Nc1 $11) 12... Nc6 13. Bb5 O-O 14. f4 Nxd4 15. Bd3 gxf4 16. Nf3 Nxf3+ 17. Qxf3 Qe5+ 18. Ne2 fxg3 19. Qxg3+ Qxg3+ 20. Nxg3 Bg5 21. c4 c6 22. Ke2 e5 23. Bc2 Bg4+ 24. Kd3 Rf2 25. Rhg1 Bf4 26. Nh1 Bf5+ {[%emt 0:00:11] Kd4 [%emt 00:00:35]} 0-1

[Event "22nd Hoogeveen Open 2018"]
[Site "Hoogeveen"]
[Date "2018.10.23"]
[Round "5"]
[White "Rakshitta, Ravi"]
[Black "Buckels, Valentin"]
[Result "0-1"]
[ECO "C54"]
[WhiteElo "2160"]
[BlackElo "2413"]
[Annotator "ChessBase"]
[PlyCount "76"]
[EventDate "2018.10.20"]
[EventType "swiss"]
[EventCountry "NED"]
[SourceTitle "playchess.com"]
[Source "ChessBase"]
[SourceQuality "1"]
[TimeControl "40/5400+30:1800+30"]

1. e4 e5 2. Nf3 Nc6 3. Bc4 Bc5 4. c3 Nf6 5. d3 d6 6. Bb3 a5 7. h3 h6 8. Nbd2 O-O 9. g4 Nh7 10. Nf1 Be6 11. Bc2 d5 12. Qe2 b5 13. Ng3 Re8 14. Bd2 Be7 15. O-O-O d4 16. Rdg1 dxc3 17. bxc3 Ba3+ 18. Kd1 b4 19. g5 bxc3 20. Bxc3 hxg5 21. Nxe5 Nxe5 22. Bxe5 Bd6 23. Bc3 Bb4 24. Ba1 Bc5 25. f4 Bd4 26. Bxd4 Qxd4 27. fxg5 Nf8 28. Rf1 Ng6 29. Nf5 Bxf5 30. Rxf5 Qa1+ 31. Kd2 Qxh1 32. Bb3 Re7 33. Qh5 Qh2+ 34. Kd1 Ra6 35. Rb5 c5 36. d4 Rxe4 37. Rb7 Rxd4+ 38. Kc1 Qh1+ 0-1

[Event "22nd Hoogeveen Open 2018"]
[Site "Hoogeveen"]
[Date "2018.10.23"]
[Round "5"]
[White "Rubingh, Otto"]
[Black "Ojas Kulkarni"]
[Result "0-1"]
[ECO "A47"]
[WhiteElo "2154"]
[BlackElo "2254"]
[Annotator "NA"]
[PlyCount "30"]
[EventDate "2018.10.20"]
[EventType "swiss"]
[EventCountry "NED"]
[SourceTitle "playchess.com"]
[Source "ChessBase"]
[SourceQuality "1"]
[TimeControl "40/5400+30:1800+30"]

1. d4 Nf6 2. Nf3 b6 3. Bf4 Bb7 4. e3 g6 5. h3 Bg7 6. Nbd2 O-O 7. Bd3 {[%emt 0:01:32] LiveBook: 4 Games} d6 8. Qe2 Nbd7 9. c3 Re8 (9... e5 $5 10. Bg5 h6 11. Bxf6 Nxf6 12. dxe5 dxe5 $15) 10. e4 e5 11. dxe5 $1 dxe5 12. Be3 Qe7 13. Ba6 $11 Bxa6 14. Qxa6 Nh5 15. Qc4 Nf8 0-1

[Event "22nd Hoogeveen Open 2018"]
[Site "Hoogeveen"]
[Date "2018.10.23"]
[Round "5"]
[White "Clemens, Adrian"]
[Black "Klaren, Duncan"]
[Result "1/2-1/2"]
[ECO "E81"]
[WhiteElo "2153"]
[BlackElo "1950"]
[Annotator "NA"]
[PlyCount "85"]
[EventDate "2018.10.20"]
[EventType "swiss"]
[EventCountry "NED"]
[SourceTitle "playchess.com"]
[Source "ChessBase"]
[SourceQuality "1"]
[TimeControl "40/5400+30:1800+30"]

1. d4 Nf6 2. c4 g6 3. Nc3 Bg7 4. e4 d6 5. f3 O-O 6. Bg5 c5 {[%emt 0:01:01] LiveBook: 1075 Games} 7. d5 Nbd7 8. Nh3 Ne5 9. Nf2 e6 ({Better is} 9... Nfd7 $14) 10. Be2 (10. f4 $18) 10... exd5 11. cxd5 a6 12. a4 Qc7 13. O-O Rb8 14. Qd2 c4 15. Be3 Nfd7 16. f4 Nd3 $16 17. Nxd3 cxd3 18. Bxd3 Nc5 19. Bc2 f5 20. Bd4 fxe4 21. Nxe4 Bf5 22. Bxg7 Nxe4 23. Bxe4 Qxg7 24. Bf3 Rbc8 25. Rac1 Qd7 26. Qb4 Qe7 27. Qd4 Rfe8 28. a5 Bd7 29. h3 Qh4 30. Qb4 Qe7 31. Qd2 Qf6 32. Rfe1 Rxe1+ 33. Rxe1 Bf5 34. Qb4 Qh4 35. Rf1 Rc2 36. Bd1 Rxg2+ 37. Kxg2 Bxh3+ 38. Kf3 Bxf1 39. Qxd6 Qh5+ 40. Kf2 Qxd1 41. Qd8+ Kg7 42. Qe7+ Kh6 43. Qg5+ 1/2-1/2

[Event "22nd Hoogeveen Open 2018"]
[Site "Hoogeveen"]
[Date "2018.10.23"]
[Round "5"]
[White "Pham, Khoi"]
[Black "Bertholee, Rob"]
[Result "0-1"]
[ECO "B84"]
[WhiteElo "2153"]
[BlackElo "2334"]
[Annotator "NA"]
[PlyCount "82"]
[EventDate "2018.10.20"]
[EventType "swiss"]
[EventCountry "NED"]
[SourceTitle "playchess.com"]
[Source "ChessBase"]
[SourceQuality "1"]
[TimeControl "40/5400+30:1800+30"]

1. e4 c5 2. Nf3 e6 3. d4 cxd4 4. Nxd4 Nf6 5. Nc3 d6 6. Be2 a6 7. O-O Qc7 8. Be3 b5 9. a3 {[%emt 0:04:20] LiveBook: 62 Games} Bb7 10. Qd3 {[%emt 0:20:15] B84: Sicilian Scheveningen: 6 Be2 a6, lines without early Be3} (10. Bd3 Nbd7 11. f4 g6 12. Kh1 Bg7 13. Qf3 Nc5 14. Rae1 O-O 15. Bg1 Rae8 16. Nb3 Nfd7 17. Qh3 f5 18. exf5 exf5 19. Nxc5 dxc5 {½-½ (45) Gabrielian,A (2545)-Shomoev,A (2560) Dombai 2013}) 10... Nbd7 11. f3 d5 12. exd5 Nxd5 13. Nxd5 Bxd5 14. Qd2 Nb6 15. b3 $146 ({Predecessor:} 15. Bf2 Bd6 16. h3 O-O {0-1 (63) Mesar,D (1900)-Jezidzic,G (2010) Podturen 2018}) 15... Bc5 16. Kh1 O-O 17. a4 b4 18. Rac1 Rfd8 19. c4 Bb7 20. f4 Rd7 21. Qb2 Rad8 22. Nc2 Bxe3 23. Nxe3 Qc5 24. Qe5 Qxe5 25. fxe5 Rd2 26. Bf3 Bxf3 27. gxf3 Nd7 28. c5 Nxe5 29. Nc4 Nxc4 $17 30. Rxc4 a5 31. c6 R2d5 32. Rfc1 Kf8 33. Rc5 Ke7 34. Rxd5 exd5 35. Rc5 d4 36. Rxa5 Kd6 37. Kg1 d3 38. Kf1 Re8 39. c7 d2 40. c8=N+ Kc7 41. Rc5+ Kb8 0-1

[Event "22nd Hoogeveen Open 2018"]
[Site "Hoogeveen"]
[Date "2018.10.23"]
[Round "5"]
[White "Mellema, Andries"]
[Black "Van Kooten, Luuk"]
[Result "0-1"]
[ECO "B06"]
[WhiteElo "2140"]
[BlackElo "2320"]
[Annotator "NA"]
[PlyCount "94"]
[EventDate "2018.10.20"]
[EventType "swiss"]
[EventCountry "NED"]
[SourceTitle "playchess.com"]
[Source "ChessBase"]
[SourceQuality "1"]
[TimeControl "40/5400+30:1800+30"]

1. e4 g6 2. d4 Bg7 3. Nc3 d6 4. Be3 a6 5. Qd2 b5 6. h4 h5 7. Nh3 Bxh3 8. Rxh3 {[%emt 0:00:41] LiveBook: 13 Games} Nf6 9. f3 ({White should play} 9. e5 $16 Ng4 10. e6) 9... Nbd7 $11 10. O-O-O c6 11. Kb1 Qc7 12. Be2 Rb8 13. Rg1 b4 14. Na4 c5 15. b3 cxd4 16. Bxd4 O-O 17. Bd3 Qc6 18. Qe2 e5 19. Bb2 d5 20. g4 dxe4 21. Bxe4 Nxe4 22. Qxe4 Qxe4 23. fxe4 hxg4 24. Rxg4 Nf6 25. Rg2 Nxe4 26. Re3 Nf6 27. Rxe5 Rbd8 28. Re1 Rfe8 29. Rh1 Rd5 30. Nb6 Rh5 31. Nc4 Re4 32. Rf1 Nd5 33. Bxg7 Kxg7 34. Rxf7+ Kxf7 35. Nd6+ Kg7 36. Nxe4 Rxh4 37. Nf2 Kf6 38. Kb2 g5 39. a3 a5 40. axb4 axb4 41. Nd1 Rd4 42. Rg1 Rd2 43. Kc1 Re2 44. Rg3 Kf5 45. Rd3 Nf4 46. Rd8 g4 47. Rd2 Re1 0-1